Map: Hard Lead LE

Players

HappyMarine - Winner!

  • Race: Terran Terran
  • League: Diamond
  • Spawn Location: 11:00

SubN

  • Race: Zerg Zerg
  • League: Diamond
  • Spawn Location: 5:00

VOD

Have the link to the VOD?

Description

Time

  • Played on: Dec. 21, 2023, 10:21 p.m.
  • Length: 13:29
Show
View Real Time Build Order
Export as new Build Order

HappyMarine Terran - Winner!

Build Orders: Liberator Opening, Reaper Expand, Mech 

Get SALT Encoding   

  12  0:00  SCV  
  13  0:12  SCV  
  14  0:17  Supply Depot  
  14  0:24  SCV  
  15  0:38  SCV  
  15  0:40  Barracks  
  16  0:47  Refinery  
  16  0:50  SCV  
  17  1:03  SCV  
  18  1:15  SCV  
  19  1:27  Orbital Command  
  19  1:30  Reaper  
  20  1:40  Command Center  
  20  1:53  SCV  
  21  1:56  Supply Depot  
  21  2:02  Marine  
  22  2:08  Factory  
  22  2:14  SCV  
  23  2:15  Refinery  
  23  2:20  Marine  
  24  2:26  SCV  
  25  2:39  Marine, SCV  
  27  2:52  Starport  
  27  2:53  Hellion, Orbital Command  
  27  2:55  SCV  
  30  3:01  Marine  
  31  3:07  SCV  
  31  3:12  Supply Depot  
  32  3:17  Hellion  
  32  3:19  SCV  
  35  3:28  Liberator  
  35  3:31  SCV x2  
  40  3:36  Marine  
  40  3:37  Bunker  
  41  3:53  Hellion  
  41  3:54  SCV x2  
  45  4:02  Refinery  
  45  4:05  Factory  
  45  4:06  Factory, SCV x2  
  47  4:12  Starport Reactor  
  47  4:14  Barracks Reactor  
  47  4:16  Factory Tech Lab  
  47  4:19  SCV  
  47  4:23  Supply Depot  
  48  4:27  Supply Depot  
  48  4:31  SCV x2  
  50  4:39  Command Center  
  49  5:06  SCV x2  
  45  5:10  Factory Tech Lab  
  45  5:11  Siege Tank  
  45  5:12  Viking x2  
  52  5:36  SCV x2  
  54  5:45  Refinery, Siege Tank x2, Hellion x2  
  64  5:55  SCV x2  
  66  5:59  Engineering Bay  
  66  6:02  Command Center  
  66  6:03  Command Center  
  66  6:07  SCV  
  67  6:14  Hellion x2  
  67  6:15  Viking  
  67  6:17  Siege Tank  
  76  6:37  Factory  
  76  6:40  Factory, SCV  
  76  6:41  SCV  
  78  6:48  Planetary Fortress  
  78  6:50  Refinery  
  78  6:53  SCV x2  
  80  7:03  Refinery  
  80  7:04  Hellion x2  
  80  7:05  SCV  
  85  7:14  Siege Tank, SCV  
  89  7:19  Orbital Command x2  
  89  7:26  Hellion, Factory Tech Lab  
  91  7:34  Factory Tech Lab  
  91  7:35  Viking x2  
  95  7:37  SCV x2  
  95  7:41  Armory x2  
  97  7:47  Missile Turret  
  97  7:48  Missile Turret x2  
  97  7:49  Command Center  
  97  7:51  Missile Turret  
  97  7:52  Missile Turret  
  97  8:00  SCV  
  97  8:01  SCV x3  
  97  8:02  SCV  
  97  8:04  Hellion  
  104  8:16  Viking  
  106  8:25  Hellion, Siege Tank x2  
  114  8:29  Supply Depot  
  114  8:31  Supply Depot  
  114  8:32  Terran Vehicle Weapons Level 1  
  114  8:33  Terran Vehicle And Ship Armor Level 1  
  114  8:34  Supply Depot  
  114  8:51  Hellion, Siege Tank x2  
  122  8:58  Supply Depot  
  122  9:00  Siege Tank  
  122  9:02  Viking x2  
  129  9:14  Command Center  
  129  9:26  Hellion  
  129  9:29  Refinery, Command Center  
  131  9:39  Barracks Tech Lab  
  131  9:58  Planetary Fortress  
  131  10:02  Viking x2  
  135  10:07  Starport  
  135  10:13  SCV x2  
  137  10:18  Command Center  
  137  10:21  Missile Turret  
  137  10:28  Hellion x2, Siege Tank x2  
  147  10:35  Hellion x2  
  151  10:36  Viking x2  
  151  10:40  Terran Vehicle And Ship Armor Level 2, Terran Vehicle Weapons Level 2  
  151  10:41  Refinery  
  155  10:45  Supply Depot  
  155  10:56  Siege Tank x2  
  157  10:59  Hellion  
  157  11:00  Siege Tank  
  162  11:04  Missile Turret  
  162  11:06  Missile Turret  
  162  11:07  Orbital Command  
  162  11:10  Starport Reactor  
  159  11:33  Missile Turret  
  159  11:36  Thor x4  
  159  11:38  Hellion x2  
  187  11:49  Command Center  
  187  12:01  Command Center  
  187  12:02  Hellion, Liberator  
  187  12:03  Liberator  
  195  12:09  Orbital Command  
  195  12:19  Ghost Academy  
  195  12:29  Orbital Command  
Show
View Real Time Build Order
Export as new Build Order

SubN Zerg 

Build Orders: Hatch First, Swarm Host 

Get SALT Encoding   

  12  0:00  Drone  
  13  0:12  Overlord  
  13  0:16  Drone  
  14  0:30  Drone x2  
  16  0:49  Hatchery  
  15  0:51  Drone  
  15  0:54  Drone  
  17  0:57  Drone  
  17  1:01  Extractor  
  17  1:13  Spawning Pool  
  17  1:17  Drone  
  17  1:23  Drone  
  18  1:27  Drone  
  19  1:38  Drone  
  20  1:49  Overlord  
  20  2:01  Queen x2  
  20  2:03  Metabolic Boost  
  20  2:06  Zergling x2  
  25  2:13  Drone x2  
  28  2:15  Drone  
  28  2:22  Drone  
  29  2:24  Drone  
  28  2:46  Lair  
  28  2:47  Queen  
  28  2:50  Drone x4  
  34  3:05  Hatchery  
  33  3:17  Drone x2  
  33  3:18  Drone, Overlord, Extractor  
  34  3:29  Drone  
  34  3:32  Overlord  
  35  3:36  Overlord  
  38  3:41  Drone x4  
  39  3:50  Drone x2  
  39  3:54  Queen  
  43  4:01  Drone x5  
  48  4:03  Overseer  
  48  4:18  Queen  
  48  4:19  Overlord  
  48  4:22  Overlord  
  50  4:33  Extractor  
  49  4:41  Evolution Chamber  
  49  4:42  Evolution Chamber  
  49  4:43  Roach Warren  
  39  5:00  Drone x13  
  38  5:14  Spore Crawler  
  38  5:20  Drone x4  
  41  5:22  Glial Reconstitution  
  41  5:31  Zerg Missile Weapons Level 1  
  41  5:39  Spore Crawler  
  40  5:49  Queen  
  42  5:55  Drone  
  42  5:56  Drone x8  
  51  6:02  Extractor  
  50  6:12  Drone x6  
  50  6:18  Hydralisk Den  
  55  6:21  Zerg Ground Armor Level 1  
  55  6:34  Overlord x2  
  55  6:35  Overlord x4  
  55  6:52  Queen  
  55  6:53  Drone x7  
  64  6:56  Muscular Augments  
  64  7:01  Drone x4  
  64  7:04  Queen  
  70  7:14  Overseer  
  70  7:15  Overseer  
  70  7:17  Queen  
  70  7:19  Drone  
  73  7:23  Drone x2  
  73  7:24  Spore Crawler  
  73  7:25  Overlord  
  73  7:28  Queen  
  76  7:35  Drone  
  76  7:36  Drone x2  
  79  7:37  Drone x2  
  79  7:38  Drone x2  
  79  7:41  Extractor  
  79  7:42  Zergling x2  
  83  7:44  Drone x3  
  86  8:00  Grooved Spines  
  83  8:10  Drone x2  
  83  8:11  Drone x2  
  85  8:14  Spore Crawler  
  84  8:25  Zerg Missile Weapons Level 2  
  84  8:26  Zerg Ground Armor Level 2  
  84  8:31  Infestation Pit  
  84  8:33  Drone x2  
  84  8:34  Drone, Extractor  
  85  8:48  Queen  
  85  8:54  Hatchery  
  85  8:55  Overseer  
  86  9:00  Overlord x3  
  86  9:05  Overlord x3  
  86  9:10  Hatchery, Extractor  
  86  9:14  Extractor  
  83  9:18  Overlord x2  
  83  9:21  Hydralisk x4  
  83  9:22  Hydralisk x5  
  101  9:24  Roach  
  101  9:25  Roach x4  
  111  9:38  Roach x5  
  121  10:04  Drone  
  121  10:05  Drone x15  
  137  10:09  Queen  
  137  10:11  Queen  
  137  10:13  Overlord x2  
  141  10:15  Overseer  
  141  10:32  Spore Crawler  
  141  10:33  Drone x2  
  141  10:34  Spore Crawler  
  141  10:41  Queen x2  
  141  10:42  Swarm Host x7  
  151  10:43  Swarm Host x5  
  181  10:50  Overlord  
  181  11:17  Hive  
  180  12:01  Overlord x3  
  180  12:08  Extractor  
  179  12:47  Viper  
  179  12:48  Viper x3  
  189  12:53  Roach  
  189  12:54  Roach x4  
Tags
 
Add a new tag
Caveats
  • Supply blocks, unpowered buildings, or Contaminate may cause inaccurate times.
  • Supply counts are checked every 10 seconds.